Map: Aura mortal EE

Players

protoTYP

  • Race: Terran Terran
  • League: Diamond
  • Spawn Location: 5:00

MrFercho - Winner!

  • Race: Zerg Zerg
  • League: Gold
  • Spawn Location: 11:00

VOD

Have the link to the VOD?

Description

Time

  • Played on: Aug. 8, 2020, 9:59 p.m.
  • Length: 18:40
Show
View Real Time Build Order
Export as new Build Order

protoTYP Terran 

Build Orders: Mech, Banshee Rush 

Get SALT Encoding   

  12  0:00  SCV  
  13  0:13  SCV  
  14  0:17  Supply Depot  
  14  0:25  SCV  
  15  0:38  SCV  
  15  0:39  Barracks  
  16  0:47  Refinery  
  16  0:53  SCV, Refinery  
  17  1:05  SCV  
  18  1:19  SCV  
  19  1:26  Barracks Tech Lab  
  19  1:28  Supply Depot  
  19  1:29  Barracks Reactor  
  19  1:33  Orbital Command  
  19  1:51  Factory  
  19  1:58  Supply Depot  
  19  1:59  SCV  
  20  2:05  Marine x2  
  22  2:21  Supply Depot, SCV  
  23  2:23  Marine x2  
  25  2:34  Factory Tech Lab  
  25  2:38  Starport  
  25  2:41  Marine x2  
  27  2:46  SCV  
  28  2:54  Siege Tank  
  31  3:02  Marine  
  31  3:03  Marine  
  33  3:08  SCV  
  34  3:14  Starport Tech Lab  
  34  3:21  SCV  
  34  3:22  Supply Depot  
  35  3:36  Banshee  
  35  3:37  Cloaking Field  
  35  3:40  Siege Tank  
  41  3:44  Marine x2  
  43  3:50  SCV  
  43  3:52  Supply Depot  
  44  4:01  Marine x2  
  46  4:12  Siege Tank  
  49  4:19  Marine x2  
  49  4:21  Banshee  
  54  4:30  Supply Depot  
  54  4:34  SCV  
  54  4:37  Marine x2  
  57  4:44  Cyclone  
  60  4:55  Marine x2  
  60  4:56  SCV  
  63  5:07  Command Center  
  63  5:34  Marine x2  
  65  5:40  Siege Tank  
  68  5:52  Marine x2  
  55  6:21  Marine x2  
  53  6:39  Marine x2  
  46  6:57  Marine x2  
  45  7:08  Siege Tank  
  42  7:09  Banshee  
  42  7:14  Marine  
  42  7:15  Marine  
  46  7:16  Orbital Command  
  46  7:28  Refinery x2  
  46  7:30  SCV  
  46  7:31  Factory  
  46  7:32  Marine, Factory  
  46  7:33  Marine  
  49  7:40  Siege Tank  
  49  7:42  SCV  
  53  7:50  Supply Depot x2, Marine x2  
  55  7:52  Banshee  
  55  7:55  SCV  
  59  8:07  SCV  
  59  8:11  Armory  
  59  8:12  Siege Tank  
  63  8:18  Factory Tech Lab  
  63  8:19  Factory Tech Lab, SCV  
  64  8:36  Factory Tech Lab  
  64  8:39  Banshee  
  67  8:43  SCV x2  
  67  8:48  Siege Tank  
  72  8:49  Command Center  
  72  8:50  Siege Tank  
  72  8:55  SCV x2  
  77  9:05  Supply Depot  
  77  9:06  Terran Vehicle Weapons Level 1  
  77  9:07  SCV  
  77  9:09  Siege Tank  
  81  9:12  Marine x2  
  83  9:18  Barracks  
  83  9:20  Barracks  
  83  9:23  Siege Tank  
  86  9:27  Viking  
  88  9:45  Thor  
  94  9:47  SCV  
  94  9:49  SCV  
  96  9:59  SCV  
  97  10:01  SCV  
  98  10:07  Barracks Reactor, Barracks Tech Lab  
  98  10:09  Refinery  
  98  10:11  SCV  
  98  10:13  SCV  
  98  10:14  Refinery  
  100  10:20  Orbital Command  
  100  10:22  Thor  
  100  10:23  SCV  
  100  10:24  Siege Tank  
  110  10:33  Siege Tank  
  110  10:35  Marine x3  
  116  10:47  Stimpack  
  116  10:52  Marine  
  116  10:53  Marine x2  
  119  11:00  Thor  
  125  11:17  Supply Depot  
  125  11:20  Supply Depot  
  125  11:21  Marine  
  125  11:22  Supply Depot  
  125  11:23  Supply Depot  
  125  11:36  Marine  
  125  11:39  Marine x2, SCV x3  
  130  11:40  Marine x2  
  130  11:42  Mag-Field Accelerator  
  132  11:51  SCV x3  
  130  11:54  Marine  
  130  11:56  Marine  
  130  11:57  Marine x3  
  131  12:12  Marine  
  131  12:14  Marine  
  131  12:15  Marine  
  134  12:26  Combat Shield  
  111  12:54  Marine x5  
  111  12:56  Thor x2, Siege Tank  
  117  13:11  Marine  
  117  13:12  Marine x3  
  77  13:37  Thor  
  83  13:52  Factory  
  83  13:53  Factory  
  83  13:54  Terran Vehicle Weapons Level 2, Engineering Bay  
  83  13:56  Engineering Bay  
  83  14:09  Siege Tank  
  89  14:10  Siege Tank  
  89  14:12  Marine x5  
  89  14:14  Infernal Pre-Igniter  
  94  14:17  Concussive Shells  
  94  14:20  Thor  
  94  14:21  Terran Infantry Weapons Level 1  
  94  14:22  Terran Infantry Armor Level 1  
  100  14:30  Marine  
  101  14:41  SCV  
  101  14:42  SCV x2  
  101  14:44  Command Center  
  101  14:45  Factory Tech Lab  
  104  14:47  Refinery  
  104  14:48  Marine, Refinery  
  104  14:49  Marine, Missile Turret  
  106  14:53  SCV  
  106  14:54  SCV x2  
  109  15:04  Marauder  
  109  15:05  Thor  
  109  15:06  Siege Tank  
  120  15:09  Siege Tank  
  120  15:10  Missile Turret  
  120  15:11  Sensor Tower  
  120  15:13  Missile Turret  
  123  15:31  Marine x4  
  123  15:32  Bunker, Marauder  
  129  15:38  Thor  
  129  15:40  Factory Tech Lab  
  129  15:41  Siege Tank  
  138  15:45  Hellbat  
  138  15:48  Thor  
  146  16:07  Hellbat  
  146  16:08  Sensor Tower  
  146  16:10  Hellbat  
  150  16:13  Siege Tank  
  153  16:21  Hellbat  
  153  16:25  Supply Depot  
  155  16:27  Supply Depot  
  155  16:28  Supply Depot, Hellbat  
  155  16:29  Supply Depot  
  155  16:31  Thor, Hellbat  
  165  16:43  Siege Tank  
  165  16:45  Siege Tank  
  171  16:48  Viking  
  171  16:49  Hellbat  
  171  16:52  Thor  
  181  16:54  Marine x4  
  181  16:59  Marauder  
  187  17:08  Armory  
  187  17:10  Siege Tank  
  187  17:12  Marine  
  187  17:14  Hellbat  
  187  17:15  Marine x2, Siege Tank  
  196  17:16  Marine  
  199  17:35  Hellbat  
  155  17:50  Marine  
  155  17:51  Marine x3  
  124  17:55  Marine  
  89  18:08  Marine  
Show
View Real Time Build Order
Export as new Build Order

MrFercho Zerg - Winner!

Build Orders: Hatch First, Lurkers 

Get SALT Encoding   

  12  0:00  Drone  
  13  0:14  Overlord  
  13  0:17  Drone  
  14  0:33  Drone x2  
  16  0:51  Hatchery  
  16  0:53  Drone  
  16  0:57  Drone  
  17  1:00  Drone  
  18  1:11  Extractor  
  17  1:17  Spawning Pool  
  16  1:20  Drone  
  16  1:23  Drone  
  18  1:31  Drone  
  19  1:42  Drone  
  20  1:51  Overlord  
  20  2:03  Queen  
  20  2:04  Queen  
  20  2:05  Zergling x2  
  20  2:06  Zergling x2  
  26  2:13  Drone  
  27  2:19  Drone  
  28  2:25  Drone x2  
  30  2:36  Overlord  
  30  2:41  Drone  
  31  2:45  Queen  
  31  2:49  Lair  
  31  2:50  Drone x2  
  35  2:57  Drone x2  
  37  3:07  Overlord  
  37  3:14  Overlord  
  37  3:16  Drone x3  
  40  3:48  Roach Warren  
  39  3:50  Evolution Chamber  
  39  3:52  Drone x2  
  39  3:53  Drone x5  
  45  3:56  Extractor  
  45  3:58  Extractor  
  43  4:16  Drone x2  
  45  4:17  Hydralisk Den  
  44  4:28  Glial Reconstitution  
  44  4:30  Zerg Missile Weapons Level 1  
  44  4:32  Roach x4  
  44  4:34  Overlord x3  
  52  4:56  Roach  
  52  4:57  Roach x4  
  62  5:20  Drone x7  
  69  5:29  Metabolic Boost  
  69  5:30  Overlord x3  
  69  5:47  Spine Crawler  
  66  6:01  Spore Crawler  
  66  6:02  Hydralisk x7  
  59  6:13  Hydralisk x5  
  69  6:18  Overseer  
  55  6:41  Queen  
  55  6:46  Grooved Spines  
  50  6:55  Hydralisk x2  
  50  6:58  Drone x2  
  50  6:59  Drone x4  
  58  7:06  Hydralisk  
  58  7:08  Zergling x10  
  63  7:17  Queen  
  63  7:19  Drone  
  66  7:46  Overlord  
  66  7:47  Overlord  
  66  7:58  Muscular Augments  
  66  8:03  Hatchery  
  66  8:05  Infestation Pit  
  64  8:07  Hatchery  
  64  8:12  Evolution Chamber  
  62  8:14  Drone  
  62  8:15  Evolution Chamber  
  62  8:16  Drone  
  62  8:17  Drone x3  
  66  8:20  Extractor, Queen  
  67  8:27  Spore Crawler  
  67  8:29  Spore Crawler  
  67  8:30  Drone x2  
  67  8:45  Hydralisk x5  
  77  8:54  Zerg Missile Weapons Level 2  
  77  8:56  Zerg Melee Weapons Level 1  
  77  9:03  Drone x3  
  80  9:10  Spire  
  80  9:15  Drone x5  
  84  9:36  Zerg Ground Armor Level 1  
  84  9:44  Zergling x2  
  84  9:45  Zergling x22  
  96  9:56  Baneling Nest, Drone x8  
  103  10:00  Extractor  
  103  10:01  Extractor  
  101  10:13  Overlord x3  
  101  10:27  Hive  
  101  10:38  Lurker Den, Zerg Flyer Weapons Level 1  
  101  10:40  Zergling x14  
  101  10:41  Zergling x8, Overlord x3  
  111  11:02  Pneumatized Carapace  
  111  11:24  Drone x3  
  114  11:25  Drone x2  
  114  11:26  Drone  
  114  11:27  Drone x2  
  114  11:28  Overlord x2, Drone x2  
  121  11:39  Spore Crawler  
  117  12:17  Overlord x2  
  117  12:24  Lurker x2  
  117  12:25  Lurker  
  117  12:28  Hydralisk x8  
  117  12:29  Hydralisk x12  
  120  12:42  Hydralisk  
  120  12:43  Hydralisk x8  
  124  12:47  Spore Crawler  
  124  12:49  Overlord  
  110  13:06  Zergling x4  
  110  13:07  Zergling x16  
  101  13:32  Drone x3  
  101  13:33  Drone x2  
  101  13:34  Drone x3  
  103  13:38  Extractor  
  103  13:40  Queen  
  106  13:44  Greater Spire  
  106  13:46  Seismic Spines  
  106  13:49  Zerg Missile Weapons Level 3  
  106  13:50  Zerg Melee Weapons Level 2  
  106  13:52  Adrenal Glands  
  106  14:00  Hatchery  
  105  14:04  Drone x7  
  105  14:05  Drone x5  
  105  14:09  Lurker x5  
  122  14:10  Overlord  
  122  14:43  Adaptive Talons  
  122  14:46  Drone x4  
  122  14:47  Drone x4  
  122  14:50  Extractor  
  122  14:51  Queen  
  122  14:52  Extractor  
  130  14:56  Corruptor x2  
  130  14:57  Corruptor x4  
  130  14:59  Overlord x5  
  142  15:01  Zergling x2  
  142  15:02  Zergling x4  
  145  15:17  Zerg Flyer Weapons Level 2  
  145  15:21  Hatchery  
  145  15:23  Corruptor  
  145  15:24  Corruptor  
  148  15:35  Hatchery  
  147  16:01  Overlord x3  
  147  16:13  Extractor  
  147  16:14  Extractor  
  147  16:15  Overlord x2  
  145  16:22  Brood Lord  
  145  16:23  Brood Lord x4  
  145  16:25  Corruptor  
  157  16:49  Spore Crawler  
  156  16:54  Spine Crawler  
  156  16:57  Spine Crawler  
  156  16:59  Spine Crawler  
  126  17:45  Hydralisk x5  
  126  17:46  Hydralisk x23  
  126  17:47  Hydralisk  
  171  18:06  Zergling x18  
Tags
 
Composition
LurkersMech
Matchup
TvZ
Replay Pack
MrFercho
Spawn Locations
Cross Positions
Strategy
Banshee Rush
Add a new tag
Caveats
  • Supply blocks, unpowered buildings, or Contaminate may cause inaccurate times.
  • Supply counts are checked every 10 seconds.